 Dungeon Crawl Stone Soup version 0.28-a0-1356-g2ad6d04315 (webtiles) character file.

Game seed: 3648712794688334459

183 rocketpapaya the Vexing (level 5, -11/30 HPs)
             Began as a Deep Elf Conjurer on Dec 30, 2021.
             Mangled by an ogre (27 damage)
             ... on level 3 of the Dungeon.
             The game lasted 00:08:56 (3263 turns).

rocketpapaya the Vexing (Deep Elf Conjurer)         Turns: 3263, Time: 00:08:56

Health: -11/30     AC:  2    Str:  4    XL:     5   Next: 35%
Magic:  11/11      EV: 12    Int: 25    God:
Gold:   88         SH:  4    Dex: 13    Spells: 3/10 levels left

rFire   . . .      SeeInvis .   j - +2 short sword (protect)
rCold   . . .      Faith    .   i - +0 buckler
rNeg    . . .      Spirit   .   a - +0 robe
rPois   .          Reflect  .   (no helmet)
rElec   .          Harm     .   (no cloak)
rCorr   .          Rampage  .   (no gloves)
Will    .....                   (no boots)
Stlth   ++........              (no amulet)
HPRegen 0.10/turn               (no ring)
MPRegen 0.12/turn               (no ring)

@: no status effects
A: no striking features
a: no special abilities


You were on level 3 of the Dungeon.
You visited 1 branch of the dungeon, and saw 4 of its levels.

You collected 88 gold pieces.

Inventory:

Hand Weapons
 j - a +2 short sword of protection (weapon)
 m - a +6 vampiric short sword
Armour
 a - a +0 robe (worn)
 i - a +0 buckler (worn)
Scrolls
 e - a scroll of fear {unknown}
 f - 2 scrolls of identify {unknown}
 g - 2 scrolls of fog {unknown}
 h - a scroll of torment {unknown}
 k - 2 scrolls of vulnerability {unknown}
 l - a scroll of teleportation {unknown}
Potions
 b - a potion of curing {unknown}
 c - a potion of might {unknown}
 d - 2 potions of brilliance {unknown}


   Skills:
 - Level 2.3 Fighting
 - Level 2.4 Dodging
 - Level 2.4 Stealth
 + Level 1.4 Shields
 - Level 3.0 Spellcasting
 + Level 4.3 Conjurations
 + Level 4.6 Hexes


You had 3 spell levels left.
You knew the following spells:

 Your Spells              Type           Power      Damage    Failure   Level
a - Magic Dart            Conj           100%       1d8       2%          1
b - Searing Ray           Conj           50%        2d6       3%          2
c - Shock                 Conj/Air       56%        1d6       5%          1
d - Dazzling Flash        Conj/Hex       52%        N/A       6%          3

Your spell library contained the following spells:

 Spells                   Type           Power      Damage    Failure   Level
 Fulminant Prism          Conj/Hex       13%        3d9       22%         4
 Iskenderun's Mystic Bla  Conj/Tloc      14%        2d5       50%         4


Dungeon Overview and Level Annotations

Branches:
Dungeon (4/15)
 Temple: D:4-7

Altars:

Annotations:
D:2 exclusion: ogre


Message History

You start resting.
Magic restored.
There is a stone staircase leading down here.
You climb downwards.
The ogre shouts!
The ogre misses you.
Found 16 gold pieces.
There is a stone staircase leading up here.
The ogre hits you with a +0 giant club!
You climb upwards.
There is a stone staircase leading down here.
Casting: Searing Ray (safe; 3% risk of failure)
Confirm with . or Enter, or press ? or * to list all spells.
Casting: Dazzling Flash (dangerous; 6% risk of failure)
Press: ? - help, Dir - look around, f - activate The ogre is dazzled.
You block the ogre's attack.
You hit the ogre.
Your weapon exudes an aura of protection.
The ogre is lightly wounded.
The ogre closely misses you.
You hit the ogre.
The ogre is moderately wounded.
You block the ogre's attack.
You hit the ogre.
The ogre is heavily wounded.
The ogre hits you with a +0 giant club!!
Ouch! That really hurt!
* * * LOW HITPOINT WARNING * * *
The ogre is no longer blind.
Casting: Dazzling Flash (dangerous; 6% risk of failure)
Confirm with . or Enter, or press ? or * to list all spells.
Casting: Dazzling Flash (dangerous; 6% risk of failure)
Press: ? - help, Dir - look around, f - activate You block the ogre's attack.
Casting: Dazzling Flash (dangerous; 6% risk of failure)
Confirm with . or Enter, or press ? or * to list all spells.
Okay, then.
The ogre hits you with a +0 giant club!!
Ouch! That really hurt!
You die...

.....##....###'#.#.#.#.#
####..#....##....#.#.#.#
##.#....##....#<#.#.#
#......##....###.#.#
##.....##....# #.#.#
#..#####....###.#.#
#######.## #........#.#
.....##..# #...######.#
.....###.## ##..@O.....#
.....# #..# #.#########
.....####.## #.######
...........# #......#
.(.........###......#
............##......####
..........#.##.........#
..........#.##.........#
..........#.##.........#


You could see an ogre.

Vanquished Creatures
  A gnoll shaman (D:4)
  Terence (D:3)
  An orc wizard (D:3)
  An adder (D:3)
  2 gnolls (D:4)
  A worm (D:2)
  A dart slug (D:2)
  8 orcs (D:3)
  5 endoplasms
  3 giant cockroaches (D:2)
  3 goblins
  6 hobgoblins
  2 quokkas
  8 ball pythons
  4 bats
  2 frilled lizards
  7 kobolds
  8 rats
64 creatures vanquished.

Notes
Turn   | Place    | Note
-------+----------+-------------------------------------------
     0 | D:1      | rocketpapaya the Deep Elf Conjurer began the quest for the
                  | Orb.
     0 | D:1      | Reached XP level 1. HP: 10/10 MP: 6/6
   179 | D:1      | Reached skill level 1 in Fighting
   230 | D:1      | Found a faded altar of an unknown god.
   288 | D:1      | Reached XP level 2. HP: 16/16 MP: 6/8
   348 | D:1      | Learned a level 2 spell: Searing Ray
   399 | D:1      | Got the Disquisition on Confrontation
   402 | D:1      | Learned a level 1 spell: Shock
  1048 | D:2      | Reached XP level 3. HP: 21/21 MP: 4/9
  1134 | D:2      | Learned a level 3 spell: Dazzling Flash
  1348 | D:2      | Reached skill level 1 in Hexes
  1639 | D:2      | Noticed an ogre
  2355 | D:3      | Reached XP level 4. HP: 20/26 MP: 5/10
  2691 | D:3      | Noticed Terence
  2698 | D:3      | Killed Terence
  2929 | D:4      | Noticed a phantom
  2987 | D:4      | Reached skill level 1 in Shields
  2987 | D:4      | Reached XP level 5. HP: 30/30 MP: 1/11
  3111 | D:4      | Noticed an ogre
  3263 | D:3      | Mangled by an ogre

Illustrated notes

Levels and vault maps discovered:
D:1:      dpeg_arrival_tiny_c, layout_basic, ebering_ecumenical_altar_rust,
          minmay_misc_feat_secret_circle
D:2:      layout_basic
D:3:      layout_basic, uniq_terence
D:4:      layout_basic, minmay_temple_entry_drinking_statues,
          chequers_serial_rivers_room_a, uniq_sigmund, uniq_grinder

Skill      XL: |  1  2  3  4 |
---------------+-------------+-----
Fighting       | 1 2 |  2.3
Hexes          | 3 4 |  4.6
Shields        | 1 |  1.4
Dodging        | |  2.4
Stealth        | |  2.4
Spellcasting   | |  3.0
Conjurations   | |  4.3

Action                   |  1- 3 |  4- 6 || total
-------------------------+-------+-------++-------
Melee: Short sword       |    16 |     4 ||    20
       Whip              |     7 |       ||     7
 Cast: Magic Dart        |    69 |    12 ||    81
       Searing Ray       |     5 |     4 ||     9
       Dazzling Flash    |       |     2 ||     2
Armor: Robe              |     7 |       ||     7
Dodge: Dodged            |    15 |     7 ||    22
Block: Buckler           |       |     3 ||     3

Table legend: (Time is in decaauts)
 A = Elapsed time spent in this place.
 B = Non-inter-level travel time spent in this place.
 C = Inter-level travel time spent in this place.
 D = Time resting spent in this place.
 E = Time spent auto-exploring this place.
 F = Levels seen in this place.
 G = Mean time per level.
                   A        B        C        D        E       F      G
               +--------+--------+--------+--------+--------+-----+--------+
         Total |   3266 |   3096 |    170 |    247 |   2343 |   4 |  816.5 |
       Dungeon |   3266 |   3096 |    170 |    247 |   2343 |   4 |  816.5 |
               +--------+--------+--------+--------+--------+-----+--------+

Top non-repeatable levels by time:
     D:3: 1290 daAuts
     D:2: 1089 daAuts
     D:1: 871 daAuts
     D:4: 15 daAuts
